 Dungeon Crawl Stone Soup version 0.30-a0-824-g6c64550be9 (webtiles) character file.

Game seed: 9322942605365727017

48 qeuew the Trooper (level 3, 0/43 HPs)
             Began as a Demonspawn Monk on Feb 27, 2023.
             Slain by an orc
             ... wielding a +0 hand axe
              (5 damage)
             ... on level 3 of the Dungeon.
             The game lasted 00:01:42 (1509 turns).

qeuew the Trooper (Demonspawn Monk)                 Turns: 1509, Time: 00:01:43

Health: 0/43       AC:  2    Str: 17    XL:     3   Next: 50%
Magic:  3/3        EV: 15    Int: 11    God:
Gold:   101        SH:  0    Dex: 17    Spells: 2/2 levels left

rFire   . . .      SeeInvis .    a - +1 falchion
rCold   . . .      Faith    .    (no shield)
rNeg    . . .      Spirit   .    b - +0 robe
rPois   .          Reflect  .    (no helmet)
rElec   .          Harm     .    (no cloak)
rCorr   .          Rampage  .    (no gloves)
Will    .....                    (no boots) Stlth
                                 (no amulet)
HPRegen 0.27/turn                e - +6 ring of strength
MPRegen 0.08/turn                (no ring)

@: berserking (expiring), very quick
A: repulsion field 1
a: no special abilities


You were on level 3 of the Dungeon.
You visited 1 branch of the dungeon, and saw 3 of its levels.

You collected 101 gold pieces.

Inventory:

Hand Weapons
 a - a +1 falchion (weapon)
Armour
 b - a +0 robe (worn)
Jewellery
 e - a +6 ring of strength (left hand)
 i - an amulet of magic regeneration
Scrolls
 g - a scroll of enchant weapon
 l - a scroll of blinking
 m - 2 scrolls of teleportation
Potions
 c - a potion of ambrosia
 h - a potion of mutation
 j - 2 potions of curing


   Skills:
 + Level 3.3 Fighting
 * Level 3.2 Long Blades
 * Level 1.5 Armour
 + Level 3.0 Dodging
 - Level 1.7 Stealth


You had 2 spell levels left.
You didn't know any spells.
Your spell library contained the following spells:

 Spells                   Type           Power      Damage    Failure   Level
 Sublimation of Blood     Necr           0%         N/A       47%         2
 Petrify                  Tmut/Erth      0%         N/A       98%         4
 Irradiate                Conj/Tmut      0%         3d11      100%        5


Dungeon Overview and Level Annotations

Branches:
Dungeon (3/15)

Altars:


Innate Abilities, Weirdness & Mutations

You are surrounded by a mild repulsion field. (EV +2)


Message History

You are too injured to fight recklessly!
You are too injured to fight recklessly!
You are too injured to fight recklessly!
You are too injured to fight recklessly!
You are too injured to fight recklessly!
You are too injured to fight recklessly!
Sorry, you're not good enough to have a special ability.
You barely miss the orc. The orc misses you.
The orc priest calls upon Beogh to heal the orc.
The orc's wounds heal themselves!
The orc hits you with a +0 hand axe. The orc hits you with a +0 war axe.
* * * LOW HITPOINT WARNING * * *
Unknown command.
A red film seems to cover your vision as you go berserk!
You feel yourself moving faster!
You feel mighty! The orc misses you. The orc closely misses you.
The orc hits you with a +0 hand axe.
* * * LOW HITPOINT WARNING * * *
You slash the orc!
You kill the orc!
The orc hits you with a +0 dagger.
* * * LOW HITPOINT WARNING * * *
The orc closely misses you.
You closely miss the ball python.
The ball python bites you but does no damage.
The ball python barely misses you. The orc misses you.
The orc closely misses you.
The orc priest looks braver for a moment.
You slash the ball python!
You kill the ball python!
The orc closely misses you.
You closely miss the orc. You slash the orc priest!
The orc priest is heavily wounded.
The orc hits you but does no damage. The orc hits you with a +0 dagger.
* * * LOW HITPOINT WARNING * * *
The orc priest barely misses you.
You hit the orc priest.
The orc priest is almost dead.
The orc hits you with a +0 hand axe.
You die...

### ..# # #.# #
#.### #.# .. ... #.#
###.##.##.####
......oo.!...####
##### #..oo@...#....
...# ########.#..#
#####.##
##.#..###.......
##...............
#......###..##.##
##...........##)##
..........####.##.##
.##.....#.# #.##.##
##.#.##.# #.##...


You could see an orc priest and 3 orcs.

Vanquished Creatures
  An adder (D:2)
  2 worms (D:2)
  4 orcs (D:3)
  An endoplasm (D:3)
  2 giant cockroaches (D:1)
  5 goblins (D:1)
  3 hobgoblins
  5 ball pythons
  A bat (D:2)
  2 frilled lizards (D:2)
  2 kobolds
  3 rats
31 creatures vanquished.

Notes
Turn   | Place    | Note
-------+----------+-------------------------------------------
     0 | D:1      | qeuew the Demonspawn Monk began the quest for the Orb.
     0 | D:1      | Reached XP level 1. HP: 18/18 MP: 1/1
   268 | D:1      | Gained mutation: You are surrounded by a mild repulsion
                  | field. (EV +2) [demonic ancestry]
   268 | D:1      | Reached XP level 2. HP: 15/24 MP: 2/2
   695 | D:2      | Reached skill level 1 in Armour
   803 | D:2      | Reached XP level 3. HP: 27/29 MP: 3/3
  1509 | D:3      | Slain by an orc

Illustrated notes

Levels and vault maps discovered:
D:1:      lemuel_arrival_lava_pool, layout_loops_ring
D:2:      layout_rooms
D:3:      layout_loops_ring, lemuel_coloured_pillars_altar

Skill      XL: |  1  2  3 |
---------------+----------+-----
Long Blades    | 3 |  3.2
Armour         | 1 |  1.5
Dodging        | 3 |  3.0
Fighting       | |  3.3
Stealth        | |  1.7

Action                     || total
---------------------------++-------
  Melee: Falchion          ||   111
    Use: Scroll            ||     8
         Potion            ||     3
   Stab: Sleeping          ||     1
 Armour: Robe              ||    18
  Dodge: Dodged            ||   112

Table legend: (Time is in decaauts)
 A = Elapsed time spent in this place.
 B = Non-inter-level travel time spent in this place.
 C = Inter-level travel time spent in this place.
 D = Time resting spent in this place.
 E = Time spent auto-exploring this place.
 F = Levels seen in this place.
 G = Mean time per level.
                   A        B        C        D        E       F      G
               +--------+--------+--------+--------+--------+-----+--------+
         Total |   1522 |   1467 |     55 |     41 |   1167 |   3 |  507.3 |
       Dungeon |   1522 |   1467 |     55 |     41 |   1167 |   3 |  507.3 |
               +--------+--------+--------+--------+--------+-----+--------+

Top non-repeatable levels by time:
     D:1: 693 daAuts
     D:2: 640 daAuts
     D:3: 188 daAuts
